Cogmind - Beta 13 @@@ ROGUE MODE // 2024.07.22 @ 16:20:21 Player: OctagonalPrism Result: Destroyed by EX-DEC with AWS/EX-DEC Performance ------------- Evolutions (1) 500 Regions Visited (5) 1000 Robots Destroyed (23) 115 Value Destroyed (583) 583 Prototype IDs (6) 120 Alien Tech Used (0) 0 Bonus (300) 300 TOTAL SCORE: 2618 Bonus ------- Aligned with FarCom 300 Cogmind --------- Core Integrity 0/400 Matter 102/300 Energy 100/100 System Corruption 5% Temperature Cool (0) Movement Core (150) Ox2 Location -9/Exiles Parts ------- > --- POWER (1) -------- (None) > --- PROPULSION (2) --- (None) > --- UTILITY (4) ------ Small Storage Unit > --- WEAPON (2) ------- Longsword +1 > --- INVENTORY (8) ---- Heat Sink High-capacity Matter Pod (200) Beam Rifle Heavy Assault Rifle Peak State ------------ > --- POWER ------------ Heavy Ion Engine > --- PROPULSION ------- Light Treads Light Treads > --- UTILITY ---------- Small Storage Unit Light Armor Plating Light Armor Plating Light Armor Plating > --- WEAPON ----------- Rocket Launcher Longsword +1 > --- INVENTORY -------- Ion Engine Light Treads Heat Sink High-capacity Matter Pod Beam Rifle Particle Cannon Heavy Assault Rifle [Rating: 20] Favorites ----------- Power Ion Engine Engine Ion Engine Propulsion Light Treads Treads Light Treads Utility Small Storage Unit Device Improved Terrain Scanner Storage Small Storage Unit Protection Light Armor Plating Weapon Particle Cannon Energy Gun Small Laser Energy Cannon Particle Cannon Ballistic Gun Assault Rifle Launcher Rocket Launcher Impact Weapon Maul Slashing Weapon Longsword +1 Build | -11 -10 -10 -9 -9 -9 ------- Run | Yrd Mat Min Mat Min Exi Slots Evolved 2 | . . . 2 . . Power . | . . . . . . Propulsion . | . . . . . . Utility 2 | . . . 2 . . Weapon . | . . . . . . Parts Attached 33 | 7 . . 18 1 7 Power 4 | 1 . . 2 . 1 Engine 4 | 1 . . 2 . 1 Core . | . . . . . . Reactor . | . . . . . . Propulsion 7 | 2 . . 4 . 1 Treads 7 | 2 . . 4 . 1 Leg . | . . . . . . Wheel . | . . . . . . Hover . | . . . . . . Flight . | . . . . . . Utility 8 | 2 . . 4 . 2 Device 3 | 1 . . 1 . 1 Storage 1 | 1 . . . . . Processor . | . . . . . . Hackware . | . . . . . . Protection 4 | . . . 3 . 1 Artifact . | . . . . . . Weapon 14 | 2 . . 8 1 3 Energy Gun 4 | 1 . . 2 1 . Energy Cannon 3 | . . . 2 . 1 Ballistic Gun 3 | 1 . . 2 . . Ballistic Cannon . | . . . . . . Launcher 1 | . . . . . 1 Special Weapon . | . . . . . . Impact Weapon 2 | . . . 2 . . Slashing Weapon 1 | . . . . . 1 Piercing Weapon . | . . . . . . Special Melee Weapon . | . . . . . . Unidentified Prototypes 4 | . . . 2 . 2 Parts Lost 13 | . . . 3 . 10 Power 2 | . . . . . 2 Propulsion 3 | . . . . . 3 Utility 4 | . . . 1 . 3 Weapon 4 | . . . 2 . 2 Highest Loss Streak 10 | . . . 1 . 10 To Critical Strikes 1 | . . . . . 1 Average Slot Usage (%) 95 | . 100 100 93 100 91 Engine 12 | . 14 14 11 11 11 Treads 24 | . 28 28 22 22 21 Device 11 | . 14 14 13 11 4 Storage 12 | . 14 14 11 11 11 Protection 10 | . . . 12 22 21 Energy Gun 8 | . 14 14 2 11 4 Energy Cannon 5 | . . . 8 11 10 Ballistic Gun 6 | . 14 14 4 . . Impact Weapon 1 | . . . 6 . . Slashing Weapon 1 | . . . . . 6 Naked Turns . | . . . . . . Heaviest Build 28 | 14 14 14 27 27 28 Greatest Support 40 | 40 40 40 40 40 40 Greatest Overweight (x) 4 | 1 . . . . 4 Average Overweight (x) . | . . . . . . Largest Inventory Capacity 8 | 8 8 8 8 8 8 Average Capacity 7 | 7 8 8 8 8 8 Most Carried 8 | 2 5 6 8 8 8 Average Carried 5 | . 3 5 7 7 7 Final Capacity 8 | 8 8 8 8 8 8 Final Carried 7 | 2 5 5 7 7 4 Class Distribution -------------------- 67% | Mutant 32% | Scavenger-Mutant Dominant Class ---------------- Mutant | -10/Materials Mutant | -10/Mines Scavenger-Mutant | -9/Materials Scavenger-Mutant | -9/Mines Mutant | -9/Exiles Resources | -11 -10 -10 -9 -9 -9 ----------- Run | Yrd Mat Min Mat Min Exi Matter Collected 827 | 198 117 . 494 10 8 Remotely . | . . . . . . Salvage Created 724 | 30 189 . 453 . 52 Parts 43 | 5 12 . 20 . 6 Haulers Intercepted . | . . . . . . Recyclers Shooed . | . . . . . . Parts Field Recycled . | . . . . . . Retrieved Matter . | . . . . . . Parts Self-Destructed . | . . . . . . Prevented . | . . . . . . Kills | -11 -10 -10 -9 -9 -9 ------- Run | Yrd Mat Min Mat Min Exi Combat Hostiles Destroyed 22 | . 5 . 10 . 7 Melee 3 | . . . 1 . 2 Guns 11 | . 5 . 6 . . Cannons 1 | . . . 1 . . AOE 5 | . . . . . 5 Classes Destroyed 9 | 1 3 . 3 . 2 Tunneler 1 | 1 . . . . . Operator 2 | . . . 2 . . Watcher 1 | . 1 . . . . Swarmer 2 | . 2 . . . . Grunt 9 | . 3 . 6 . . Brawler 1 | . . . 1 . . Sentry 3 | . . . 3 . . Zionite 3 | . . . . . 3 Assembled 7 | . . . . . 7 Best Kill Streak 11 | 1 2 . 6 . 11 Combat Bots Only 7 | . 2 . 6 . 7 Max Kills in Single Turn 2 | 1 1 . 1 . 2 Gunslinging . | . . . . . . Exploded 2 | . . . . . 2 Melee 1 | . . . 1 . 1 Uniques/NPCs Destroyed 1 | . . . . . 1 EX-HEX (-9/Exiles) Combat | -11 -10 -10 -9 -9 -9 -------- Run | Yrd Mat Min Mat Min Exi Hostile Shots Fired 239 | . 35 . 76 . 128 Missed 75 | . 12 . 22 . 41 Damage Taken 2137 | . 218 . 693 . 1226 Core 428 | . 25 . 57 . 346 Absorbed by Shields . | . . . . . . Core Remaining (%) 95 | 100 . 90 . . . Volleys Fired 59 | 1 16 . 24 . 18 Largest 2 | 2 2 . 2 . 1 Hottest 124 | 60 60 . 124 . 68 Shots Fired 99 | 2 32 . 46 . 19 Gun 75 | 2 32 . 41 . . Cannon 8 | . . . 5 . 3 Launcher 16 | . . . . . 16 Special . | . . . . . . Kinetic 50 | 1 16 . 33 . . Thermal 33 | 1 16 . 13 . 3 Explosive 16 | . . . . . 16 Electromagnetic . | . . . . . . Robot Hit Streak 6 | 1 4 . 6 . 4 Robot Miss Streak 4 | . 2 . 4 . 3 Penetration Max . | . . . . . . Secondary Targets 1 | . . . 1 . . Max Gunslinging Chain 1 | . . . 1 . . Shots Hit Robots 74 | 1 18 . 44 . 11 Core Hits 45 | 1 10 . 14 . 20 Critical Kills . | . . . . . . Critical Parts Destroyed 3 | . . . 3 . . Critical Strikes 3 | . . . 3 . . Smash 3 | . . . 3 . . Melee Attacks 25 | . . . 23 . 2 Impact 23 | . . . 23 . . Slashing 2 | . . . . . 2 Piercing . | . . . . . . Sneak Attacks 2 | . . . 2 . . Combat Hostiles . | . . . . . . Follow-up Attacks . | . . . . . . Damage Inflicted 2525 | 14 246 . 884 . 1381 Guns 626 | 14 240 . 372 . . Cannons 101 | . . . 80 . 21 Explosions 1232 | . . . . . 1232 Melee 560 | . . . 432 . 128 Ramming 6 | . 6 . . . . Kinetic 436 | 14 113 . 309 . . Thermal 291 | . 127 . 143 . 21 Explosive 1232 | . . . . . 1232 Electromagnetic . | . . . . . . Impact 432 | . . . 432 . . Slashing 128 | . . . . . 128 Piercing . | . . . . . . Highest Corruption 5 | . . . 1 1 5 Average Corruption 1 | . . . 1 1 1 Corruption Purged . | . . . . . . Corruption Blocked . | . . . . . . Effects 9 | . . . 3 . 6 Message Errors 1 | . . . . . 1 Matter Fused 3 | . . . 2 . 1 Heat Flow Errors 2 | . . . . . 2 Data Loss (minor) 1 | . . . . . 1 Data Loss (major) 1 | . . . 1 . . Misfires 1 | . . . . . 1 Overload Shots . | . . . . . . Overflow Damage 215 | . . . 162 . 53 Projectiles . | . . . . . . Explosions 5 | . . . . . 5 Melee 210 | . . . 162 . 48 Knockbacks 1 | . . . 1 . . Impact 1 | . . . 1 . . Kinetic . | . . . . . . Secondary . | . . . . . . Self-Inflicted Damage 81 | . . . . . 81 Shots 2 | . . . . . 2 Rammed 1 | . 1 . . . . Targets Rammed 1 | . 1 . . . . Kicked . | . . . . . . Crushed . | . . . . . . Highest Temperature 240 | . 18 . 159 . 240 Average Temperature 53 | . 10 . 63 . 70 Received Heat Transfer 369 | . 72 . 297 . . Siege Activations . | . . . . . . Robots Corrupted . | . . . . . . Combat Hostiles . | . . . . . . Parts Fried 2 | . . . 2 . . Impact Corruptions 9 | . . . 9 . . Robots Melted . | . . . . . . Combat Hostiles . | . . . . . . Parts Melted 1 | . 1 . . . . Heat Transferred 609 | . 275 . 297 . 37 Parts Sabotaged . | . . . . . . Parts Stolen . | . . . . . . Parts Stripped . | . . . . . . Power Chain Reactions . | . . . . . . Alert | -11 -10 -10 -9 -9 -9 ------- Run | Yrd Mat Min Mat Min Exi Peak Influence 244 | 5 200 . 244 46 . Initial 46 | . 3 . . 46 . Average 67 | 1 97 . 112 46 . Maximum Alert Level 1 | . 1 . 1 . . Low Security (%) 91 | 100 89 100 82 100 . Level 1 8 | . 10 . 17 . . Level 2 . | . . . . . . Level 3 . | . . . . . . Level 4 . | . . . . . . Level 5 . | . . . . . . High Security . | . . . . . . Max Security . | . . . . . . Squads Dispatched 7 | . 1 . 6 . . Investigation 1 | . . . 1 . . Extermination . | . . . . . . Reinforcement 6 | . 1 . 5 . . Assault . | . . . . . . Garrison . | . . . . . . Intercept . | . . . . . . Searches Triggered . | . . . . . . Construction Impeded . | . . . . . . Haulers Reinforced . | . . . . . . Active Scanning Responses . | . . . . . . Cargo Convoy Interrupts . | . . . . . . Stealth | -11 -10 -10 -9 -9 -9 --------- Run | Yrd Mat Min Mat Min Exi Distress Signals 4 | . . . 4 . . Communications Jammed . | . . . . . . Distress Signals . | . . . . . . Times Spotted 43 | . 12 . 15 . 16 Peak Tracking Total 15 | . 4 . 5 . 15 Tactical Retreats 2 | . . . . . 2 Traps | -11 -10 -10 -9 -9 -9 ------- Run | Yrd Mat Min Mat Min Exi Traps Triggered . | . . . . . . Indirectly . | . . . . . . Trap Hack Attempts . | . . . . . . Triggered . | . . . . . . Disarmed . | . . . . . . Reprogrammed . | . . . . . . Reused . | . . . . . . Traps Extracted . | . . . . . . Installed . | . . . . . . Triggered . | . . . . . . Machines | -11 -10 -10 -9 -9 -9 ---------- Run | Yrd Mat Min Mat Min Exi Machines Disabled 15 | . . . . . 15 Max in Single Turn 3 | . . . . . 3 Machines Repaired . | . . . . . . Machines Dismantled . | . . . . . . Machines Sabotaged . | . . . . . . Overloaded Fab Kills . | . . . . . . Hacking | -11 -10 -10 -9 -9 -9 --------- Run | Yrd Mat Min Mat Min Exi Machines Accessed 6 | . 3 . 1 . 2 Terminals 4 | . 3 . 1 . . Fabricators . | . . . . . . Repair Stations . | . . . . . . Recycling Units . | . . . . . . Scanalyzers . | . . . . . . Garrison Access . | . . . . . . Total Hacks 19 | . 8 . 3 . 8 Successful 12 | . 3 . 1 . 8 Failed 7 | . 5 . 2 . . Catastrophic . | . . . . . . Database Lockouts . | . . . . . . Manual 6 | . 5 . . . 1 Terminals 11 | . 8 . 3 . . Fabricators . | . . . . . . Repair Stations . | . . . . . . Recycling Units . | . . . . . . Scanalyzers . | . . . . . . Garrison Access . | . . . . . . Terminal Hacks 10 | . 1 . 1 . 8 Record 8 | . . . . . 8 Prototype ID Bank 1 | . . . 1 . . Terminal Index 1 | . 1 . . . . Fabricator Hacks . | . . . . . . Repair Station Hacks . | . . . . . . Recycling Unit Hacks . | . . . . . . Scanalyzer . | . . . . . . Garrison Access Hacks . | . . . . . . Unauthorized Hacks 2 | . 2 . . . . Terminals 2 | . 2 . . . . Botnet 2 | . 2 . . . . Fabricators . | . . . . . . Repair Stations . | . . . . . . Recycling Units . | . . . . . . Scanalyzers . | . . . . . . Garrison Access . | . . . . . . Data Cores Recovered . | . . . . . . Used . | . . . . . . Hacking Detections 4 | . 3 . 1 . . Full Trace Events 3 | . 2 . 1 . . Feedback Events 1 | . . . 1 . . Corruption 1 | . . . 1 . . Feedback Blocked . | . . . . . . Robot Schematics Acquired . | . . . . . . Robots Built . | . . . . . . Authchips . | . . . . . . Time . | . . . . . . Total Robot Build Rating . | . . . . . . Part Schematics Acquired . | . . . . . . Parts Built . | . . . . . . Authchips . | . . . . . . Time . | . . . . . . Total Part Build Rating . | . . . . . . Parts Repaired . | . . . . . . Time . | . . . . . . Parts Recycled . | . . . . . . Recycled Matter . | . . . . . . Retrieved Matter . | . . . . . . Retrieved Components . | . . . . . . Parts Scanalyzed . | . . . . . . Part Schematics Acquired . | . . . . . . Parts Damaged . | . . . . . . Bothacking | -11 -10 -10 -9 -9 -9 ------------ Run | Yrd Mat Min Mat Min Exi Used RIF Installer . | . . . . . . Robots Hacked . | . . . . . . Non-combat . | . . . . . . Combat . | . . . . . . Robot Hacks Applied . | . . . . . . Relay Couplers Released . | . . . . . . Fabnet Peak Effective % . | . . . . . . Robots Rewired . | . . . . . . Allies Hacked . | . . . . . . Hacks Repelled . | . . . . . . Allies | -11 -10 -10 -9 -9 -9 -------- Run | Yrd Mat Min Mat Min Exi Total Allies . | . . . . . . Largest Group . | . . . . . . Highest-Rated Group . | . . . . . . Highest-Rated Ally . | . . . . . . Total Orders . | . . . . . . Ally Attacks . | . . . . . . Total Damage . | . . . . . . Kills . | . . . . . . Allies Corrupted . | . . . . . . Allies Melted . | . . . . . . Intel | -11 -10 -10 -9 -9 -9 ------- Run | Yrd Mat Min Mat Min Exi Robot Analysis Total . | . . . . . . Derelict Logs Recovered 1 | . . 1 . . . Drone Launches . | . . . . . . Drone Recoveries . | . . . . . . Exploration | -11 -10 -10 -9 -9 -9 ------------- Run | Yrd Mat Min Mat Min Exi Turns Passed 2363 | 81 414 517 680 87 584 Spaces Moved 1248 | 44 221 310 289 54 330 Core 6 | 4 . . . . 2 Treads 1242 | 40 221 310 289 54 328 Legs . | . . . . . . Wheels . | . . . . . . Hover . | . . . . . . Flight . | . . . . . . Fastest Speed 50 | 50 160 160 160 160 150 Average Speed 159 | 152 160 160 160 160 160 Slowest Speed 250 | 160 160 160 160 160 250 Overloaded Moves . | . . . . . . Propulsion Burnouts . | . . . . . . Robots Hopped . | . . . . . . Cave-ins Triggered . | . . . . . . Exploration Rate (%) 40 | 5 40 61 41 15 78 Regions Visited 5 Branch Regions 3 Pre-discovered Areas . | . . . . . . Known Exits Taken 1 | . . . 1 . . Unknown Exits Taken 4 | 1 1 1 . 1 . Scrap Searched 1 | . . . . 1 . Spaces Dug 8 | . . . 8 . . Terrain Destroyed 56 | . . . 8 . 48 Melee 8 | . . . 8 . . Projectile . | . . . . . . AOE 48 | . . . . . 48 Terrain Rammed . | . . . . . . Walls Destroyed . | . . . . . . Machines Disabled . | . . . . . . Actions | -11 -10 -10 -9 -9 -9 --------- Run | Yrd Mat Min Mat Min Exi Total 1469 | 53 249 332 415 55 365 Wait 79 | . 9 21 45 . 4 Move 1243 | 43 220 309 288 53 330 Hop . | . . . . . . Pick Up 14 | 2 3 1 6 . 2 Fast Attach 11 | 7 . . 4 . . Attach 7 | . . . 2 1 4 Detach 1 | . . . . 1 . Swap 16 | . . . 13 . 3 Drop 13 | . . 1 10 . 2 Fire 59 | 1 16 . 24 . 18 Melee 25 | . . . 23 . 2 Ram . | . . . . . . Kick . | . . . . . . Crush 1 | . 1 . . . . Escape Stasis . | . . . . . . Rewire . | . . . . . . Trap . | . . . . . . Miscellaneous . | . . . . . . Route ------- -11/Scrapyard -10/Materials (discovered 2 exits: [*Min x2]) -10/Mines (discovered 2 exits: *Mat x2) -9/Materials (discovered 2 exits: *Min x2) -9/Mines (discovered 2 exits: [*Mat] / *Exi) -9/Exiles History --------- Turn | Location | Event 12 | -11/Scrapyard | Discovered new exit (range 15) 82 | -11/Scrapyard | Entered Materials 194 | -10/Materials | Discovered new exit (range 8) 316 | -10/Materials | Build established: Mutant 376 | -10/Materials | Discovered new exit (range 8) 496 | -10/Materials | Entered Mines 503 | -10/Mines | Received a Rocket Launcher from a helpful Derelict 887 | -10/Mines | Learned 2 Materials zone layouts 899 | -10/Mines | Discovered new exit (range 7) 988 | -10/Mines | Discovered new exit (range 9) 1013 | -10/Mines | Entered Materials 1013 | -9/Materials | Evolved 2 slots: Utility x2 1014 | -9/Materials | Identified exit to Mines 1693 | -9/Materials | Entered Mines 1715 | -9/Mines | Build established: Scavenger-Mutant 1753 | -9/Mines | Discovered new exit (range 12) 1773 | -9/Mines | Deemed a non-threat by the Exiles lab entrance 1773 | -9/Mines | Discovered new exit (range 5) 1780 | -9/Mines | Entered Exiles 1817 | -9/Exiles | Met 8R-AWN 1848 | -9/Exiles | Met EX-HEX 1894 | -9/Exiles | Met EX-BIN 1915 | -9/Exiles | Aligned with FarCom system 1916 | -9/Exiles | Given EX-Vault access code 1979 | -9/Exiles | Opened EX-Vault 1996 | -9/Exiles | Found Prototype Device 1997 | -9/Exiles | Identified Skeleton Box 2010 | -9/Exiles | Found Prototype Slashing Weapon 2011 | -9/Exiles | Identified Longsword +1 2046 | -9/Exiles | Warned to stay clear of 0b10 Research branches 2092 | -9/Exiles | Met EX-DEC 2147 | -9/Exiles | Visited The Gauntlet 2287 | -9/Exiles | Attacked by the Exiles 2319 | -9/Exiles | Build established: Mutant 2341 | -9/Exiles | Core integrity fell below 50% 2341 | -9/Exiles | Destroyed EX-HEX 2345 | -9/Exiles | Destroyed 7 combat bots 2361 | -9/Exiles | Core integrity fell below 20% 2364 | -9/Exiles | Destroyed by EX-DEC with AWS/EX-DEC Last Messages --------------- Machine disabled. Testing Chamber Shield damaged. Rocket Launcher destroyed. Testing Apparatus damaged. Lgt. Treads destroyed. The unstable cave ceiling collapses. Lgt. Armor Plating destroyed. Lgt. Treads destroyed. The unstable cave ceiling collapses. Penetrated by HV Slug. Critical hit (Destroy). Lgt. Treads destroyed. HV Slug penetrates Testing Apparatus. Penetrated by HV Slug. Particle Cannon destroyed. HV Slug penetrates Testing Apparatus. Ion Engine destroyed. HV Slug penetrates Wall. HV Slug penetrates Testing Apparatus. The unstable cave ceiling collapses. Map ----- +----------------------------------------------------+ | ??????????????????????#"" ""#??????? | | ??????????????????????#" """"##??????? | | ??????????????????????#""" """#???????? | | ??????????????????????## ""##???????? | | ???????????????????????#"" """##????????? | | ???????????????????????##""" ##?????????? | | ????????????????????????##"""" ##??????????? | | ?????????????????????????### #???????????? | | ???????????????????????????##### ##???????????? | | ???????????????????????????????## #????????????? | | ????????????????????????????????# #????????????? | | ????????????????????????????????# #????????????? | | ????????????????????????????????# #????????????? | | #######??????????????#########??# #????????????? | | """""""#????""""""???#""" "" ##?# #????????????? | | "" ""#???"""""""???#"" " ### #????????????? | | " "#??"""""" "#??#" # # ##???????????? | | "" ""#""#""" """??## # ##??????????? | | "" ""#""#"" ""### # ##?????????? | | ##"""###""###" # # # #####?##### | | "" """""" "#"""""# | | """""" ! "#"" ""# | | % " ""# | | !% " " "# | | = c " """# | | "" @ #"" ""# | | "" """""" " """ c ""#?""""# | | ##"""########"""###""###" ###??#??? | | "" "?????"" ""#""#"" "" ### ?????????? | | """ """???#""" ""#""#"" ""##?#" #????????? | | " """ "???#" """"""""#" "#??#""" """#????????? | | """""""????"""""""#""#"" """"#??#"" """"?????????? | | """""""????""""""?????"""""""#???""""""??????????? | | ??????????????????????########????####???????????? | | ?????????????????????????????????????????????????? | | ?????????????????????????????????????????????????? | | ?????????????????????????????????????????????????? | | ?????????????????????????????????????????????????? | | | | | | | | | | | | | | | | | | | | | | | | | +----------------------------------------------------+ Best States ------------- Heat Dissipation 38 Energy Generation 14 Energy Capacity 280 Matter Stores 300 Matter Capacity 300 Sight Range 16 Terrain Scan Range 16 Terrain Scan Density 10 Armor Coverage 450 Evasion (%) 40 Recoil Reduction 2 Item Schematics ----------------- None Robot Schematics ------------------ None Fabricated ------------ Nothing Alien Tech Used ----------------- None Achievements -------------- None Challenges ------------ None Game ------ Seed GammaSmartbombLattice Manual? 0 Play Time 00:28:52 Cumulative 13.4 hours Start 2024.07.22 @ 15:50:57 End 2024.07.22 @ 16:20:21 Sessions 1 Manual Loads 0 Difficulty Rogue Special Mode None Game No. 13 Rogue 13 Adventurer 0 Explorer 0 Win Type - Total 0 Types 0/0/0/0/0/0/0/0/0 Lore% 11 Gallery% 15 Achievement% 13 Wizard Run 0 Options --------- Layout 1 ASCII 0 Keyboard 0 Movement Arrows Keybinds 0 Fullscreen 1 Font 16/Terminus Map View 55x38 Zoom Use 0% Tactical HUD 0 Map Filters NONE Filters NONE Steam 1 RUN: 8adba7c3-7128-4b5a-997a-bee7419a6bd8